Cogmind - Beta 12 @@@ ROGUE MODE // 2023.07.03 @ 00:11:08 Player: ZOT Result: Destroyed by S-10 Pest with Light Assault Rifle Performance ------------- Evolutions (2) 1000 Regions Visited (5) 1000 Robots Destroyed (16) 80 Value Destroyed (207) 207 Prototype IDs (23) 460 Alien Tech Used (0) 0 Bonus (300) 300 TOTAL SCORE: 3047 Bonus ------- Aligned with FarCom 300 Cogmind --------- Core Integrity 0/550 Matter 300/300 Energy 99/100 System Corruption 0% Temperature Cool (0) Movement Core (50) Location -8/Materials Parts ------- > --- POWER (2) -------- (None) > --- PROPULSION (4) --- (None) > --- UTILITY (3) ------ (None) > --- WEAPON (2) ------- (None) > --- INVENTORY (5) ---- Wheel Flight Unit Terrain Scan Processor Gauss Rifle Mining Laser Peak State ------------ > --- POWER ------------ Ion Engine Ion Engine > --- PROPULSION ------- Wheel Wheel Wheel Wheel > --- UTILITY ---------- Medium Storage Unit Terrain Scanner Supersonic Drone Bay > --- WEAPON ----------- EM Pulse Gun EM Pulse Gun > --- INVENTORY -------- Wheel Wheel Flight Unit Flight Unit Small Storage Unit Terrain Scan Processor Hardlight Generator Mining Laser [Rating: 19] Favorites ----------- Power Ion Engine Engine Ion Engine Propulsion Wheel Wheel Wheel Utility Medium Storage Unit Device Supersonic Drone Bay Storage Medium Storage Unit Weapon EM Pulse Gun Energy Gun EM Pulse Gun Special Weapon Mining Laser Build | -11 -10 -10 -10 -9 -8 ------- Run | Jun Mat Min Exi Min Mat Slots Evolved 4 | . . . . . 4 Power 1 | . . . . . 1 Propulsion 2 | . . . . . 2 Utility 1 | . . . . . 1 Weapon . | . . . . . . Parts Attached 14 | 5 2 . 1 . 6 Power 2 | 1 . . . . 1 Engine 2 | 1 . . . . 1 Core . | . . . . . . Reactor . | . . . . . . Propulsion 5 | 2 . . . . 3 Treads . | . . . . . . Leg . | . . . . . . Wheel 5 | 2 . . . . 3 Hover . | . . . . . . Flight . | . . . . . . Utility 3 | . 1 . 1 . 1 Device 2 | . . . 1 . 1 Storage 1 | . 1 . . . . Processor . | . . . . . . Hackware . | . . . . . . Protection . | . . . . . . Artifact . | . . . . . . Weapon 4 | 2 1 . . . 1 Energy Gun 3 | 1 1 . . . 1 Energy Cannon . | . . . . . . Ballistic Gun . | . . . . . . Ballistic Cannon . | . . . . . . Launcher . | . . . . . . Special Weapon 1 | 1 . . . . . Impact Weapon . | . . . . . . Slashing Weapon . | . . . . . . Piercing Weapon . | . . . . . . Special Melee Weapon . | . . . . . . Unidentified Prototypes . | . . . . . . Parts Lost 10 | . . . . . 10 Power 2 | . . . . . 2 Propulsion 4 | . . . . . 4 Utility 2 | . . . . . 2 Weapon 2 | . . . . . 2 Highest Loss Streak 10 | . . . . . 10 To Critical Strikes . | . . . . . . Average Slot Usage (%) 86 | . 81 85 94 100 73 Engine 13 | . 14 14 14 14 12 Wheel 27 | . 28 28 28 28 26 Device 8 | . . . 8 14 13 Storage 11 | . 10 14 14 14 8 Energy Gun 22 | . 23 28 28 28 12 Naked Turns 42 | . . . . . 42 Heaviest Build 26 | 8 19 19 20 20 26 Greatest Support 40 | 20 20 20 20 20 40 Greatest Overweight (x) 3 | 1 . . . . 3 Average Overweight (x) . | . . . . . . Largest Inventory Capacity 10 | 5 10 10 10 10 10 Average Capacity 9 | 5 9 10 10 10 9 Most Carried 10 | 5 8 8 9 8 10 Average Carried 7 | 3 6 8 8 8 7 Final Capacity 10 | 5 10 10 10 10 5 Final Carried 8 | 5 8 8 8 8 5 Class Distribution -------------------- 86% | Mutant 13% | Skirmisher Dominant Class ---------------- Mutant | -10/Materials Mutant | -10/Mines Mutant | -10/Exiles Mutant | -9/Mines Skirmisher | -8/Materials Resources | -11 -10 -10 -10 -9 -8 ----------- Run | Jun Mat Min Exi Min Mat Matter Collected 340 | 250 20 . . . 70 Remotely . | . . . . . . Salvage Created 445 | 213 53 . . . 179 Parts 37 | 16 6 . . . 15 Haulers Intercepted . | . . . . . . Recyclers Shooed 1 | . . . . . 1 Parts Field Recycled . | . . . . . . Retrieved Matter . | . . . . . . Parts Self-Destructed . | . . . . . . Prevented . | . . . . . . Kills | -11 -10 -10 -10 -9 -8 ------- Run | Jun Mat Min Exi Min Mat Combat Hostiles Destroyed 8 | . 3 . . . 5 Guns 8 | . 3 . . . 5 Classes Destroyed 7 | 3 1 . . . 3 Worker 1 | 1 . . . . . Builder 1 | . . . . . 1 Tunneler 5 | 5 . . . . . Recycler 1 | 1 . . . . . Swarmer 6 | . 3 . . . 3 Sentry 1 | . . . . . 1 Hunter 1 | . . . . . 1 Best Kill Streak 3 | 2 3 . . . 3 Combat Bots Only 3 | . 3 . . . 3 Max Kills in Single Turn 1 | 1 1 . . . 1 Gunslinging . | . . . . . . Exploded . | . . . . . . Melee . | . . . . . . Uniques/NPCs Destroyed . | . . . . . . Combat | -11 -10 -10 -10 -9 -8 -------- Run | Jun Mat Min Exi Min Mat Damage Taken 1282 | 30 63 . . 12 1177 Core 611 | 30 27 . . . 554 Absorbed by Shields . | . . . . . . Regen/Repaired (Parts) 35 | . . . . . 35 Core Remaining (%) 82 | 88 . . . 77 . Volleys Fired 44 | 21 6 1 . . 16 Largest 2 | 1 2 2 . . 2 Hottest 80 | 40 80 80 . . 80 Shots Fired 66 | 21 12 2 . . 31 Gun 66 | 21 12 2 . . 31 Cannon . | . . . . . . Launcher . | . . . . . . Special . | . . . . . . Kinetic . | . . . . . . Thermal . | . . . . . . Explosive . | . . . . . . Electromagnetic 66 | 21 12 2 . . 31 Robot Hit Streak 6 | 6 3 . . . 5 Robot Miss Streak 4 | 2 3 4 . . 3 Penetration Max . | . . . . . . Secondary Targets 1 | . 1 . . . . Max Gunslinging Chain 1 | . 1 . . . . Shots Hit Robots 37 | 14 5 . . . 18 Core Hits 21 | 7 3 . . . 11 Critical Kills . | . . . . . . Critical Parts Destroyed . | . . . . . . Critical Strikes 1 | 1 . . . . . Corrupt 1 | 1 . . . . . Melee Attacks . | . . . . . . Impact . | . . . . . . Slashing . | . . . . . . Piercing . | . . . . . . Sneak Attacks . | . . . . . . Combat Hostiles . | . . . . . . Follow-up Attacks . | . . . . . . Damage Inflicted 561 | 236 54 . . . 271 Guns 495 | 202 54 . . . 239 Cannons . | . . . . . . Explosions 34 | 34 . . . . . Melee . | . . . . . . Ramming 32 | . . . . . 32 Kinetic . | . . . . . . Thermal 34 | 34 . . . . . Explosive . | . . . . . . Electromagnetic 495 | 202 54 . . . 239 Impact . | . . . . . . Slashing . | . . . . . . Piercing . | . . . . . . Highest Corruption . | . . . . . . Average Corruption . | . . . . . . Corruption Purged . | . . . . . . Corruption Blocked . | . . . . . . Overload Shots . | . . . . . . Overflow Damage . | . . . . . . Projectiles . | . . . . . . Explosions . | . . . . . . Melee . | . . . . . . Knockbacks . | . . . . . . Impact . | . . . . . . Kinetic . | . . . . . . Secondary . | . . . . . . Self-Inflicted Damage 43 | 30 . . . . 13 Shots 1 | 1 . . . . . Rammed 8 | . . . . . 8 Targets Rammed 8 | . . . . . 8 Kicked . | . . . . . . Crushed . | . . . . . . Highest Temperature 110 | 32 110 18 . . 75 Average Temperature 32 | 22 55 12 . . 26 Received Heat Transfer 279 | . . . . . 279 Siege Activations . | . . . . . . Robots Corrupted . | . . . . . . Combat Hostiles . | . . . . . . Parts Fried 1 | 1 . . . . . Impact Corruptions . | . . . . . . Robots Melted . | . . . . . . Combat Hostiles . | . . . . . . Parts Melted . | . . . . . . Heat Transferred . | . . . . . . Parts Sabotaged . | . . . . . . Parts Stolen . | . . . . . . Parts Stripped . | . . . . . . Power Chain Reactions 1 | 1 . . . . . Missiles Intercepted . | . . . . . . Alert | -11 -10 -10 -10 -9 -8 ------- Run | Jun Mat Min Exi Min Mat Peak Influence 308 | 35 92 35 . . 308 Initial 35 | . 22 35 . . . Average 63 | 18 45 35 . . 113 Maximum Alert Level 1 | . . . . . 1 Low Security (%) 97 | 100 100 100 . 100 93 Level 1 2 | . . . . . 6 Level 2 . | . . . . . . Level 3 . | . . . . . . Level 4 . | . . . . . . Level 5 . | . . . . . . High Security . | . . . . . . Max Security . | . . . . . . Squads Dispatched 4 | . 1 . . . 3 Investigation 2 | . 1 . . . 1 Extermination . | . . . . . . Reinforcement 2 | . . . . . 2 Assault . | . . . . . . Garrison . | . . . . . . Intercept . | . . . . . . Searches Triggered . | . . . . . . Construction Impeded . | . . . . . . Haulers Reinforced . | . . . . . . Active Scanning Responses . | . . . . . . Cargo Convoy Interrupts . | . . . . . . Stealth | -11 -10 -10 -10 -9 -8 --------- Run | Jun Mat Min Exi Min Mat Distress Signals 2 | . 1 . . . 1 Communications Jammed . | . . . . . . Distress Signals . | . . . . . . Times Spotted 34 | . 5 . . 3 26 Peak Tracking Total 14 | . 4 . . 3 14 Tactical Retreats 5 | . . . . . 5 Traps | -11 -10 -10 -10 -9 -8 ------- Run | Jun Mat Min Exi Min Mat Traps Triggered 2 | . 1 . . . 1 Indirectly . | . . . . . . Trap Hack Attempts . | . . . . . . Triggered . | . . . . . . Disarmed . | . . . . . . Reprogrammed . | . . . . . . Reused . | . . . . . . Traps Extracted . | . . . . . . Installed . | . . . . . . Triggered . | . . . . . . Machines | -11 -10 -10 -10 -9 -8 ---------- Run | Jun Mat Min Exi Min Mat Machines Disabled 1 | . 1 . . . . Max in Single Turn 1 | . 1 . . . . Machines Repaired . | . . . . . . Machines Sabotaged . | . . . . . . Overloaded Fab Kills . | . . . . . . Hacking | -11 -10 -10 -10 -9 -8 --------- Run | Jun Mat Min Exi Min Mat Machines Accessed 9 | . 3 . 5 . 1 Terminals 2 | . 2 . . . . Fabricators . | . . . . . . Repair Stations 1 | . . . . . 1 Recycling Units 1 | . 1 . . . . Scanalyzers . | . . . . . . Garrison Access . | . . . . . . Total Hacks 58 | . 6 . 50 . 2 Successful 55 | . 3 . 50 . 2 Failed 3 | . 3 . . . . Catastrophic 2 | . 2 . . . . Database Lockouts . | . . . . . . Manual 6 | . . . 6 . . Terminals 5 | . 5 . . . . Fabricators . | . . . . . . Repair Stations 2 | . . . . . 2 Recycling Units 1 | . 1 . . . . Scanalyzers . | . . . . . . Garrison Access . | . . . . . . Terminal Hacks 52 | . 2 . 50 . . Record 50 | . 1 . 49 . . Branch Access Points 1 | . 1 . . . . EX-Prototype ID Bank 1 | . . . 1 . . Fabricator Hacks . | . . . . . . Repair Station Hacks 2 | . . . . . 2 Scan Component 1 | . . . . . 1 Repair 1 | . . . . . 1 Recycling Unit Hacks 1 | . 1 . . . . Report Inventory 1 | . 1 . . . . Scanalyzer . | . . . . . . Garrison Access Hacks . | . . . . . . Unauthorized Hacks . | . . . . . . Terminals . | . . . . . . Fabricators . | . . . . . . Repair Stations . | . . . . . . Recycling Units . | . . . . . . Scanalyzers . | . . . . . . Garrison Access . | . . . . . . Data Cores Recovered . | . . . . . . Used . | . . . . . . Hacking Detections 2 | . 2 . . . . Full Trace Events 1 | . 1 . . . . Feedback Events . | . . . . . . Feedback Blocked . | . . . . . . Robot Schematics Acquired . | . . . . . . Robots Built . | . . . . . . Authchips . | . . . . . . Time . | . . . . . . Total Robot Build Rating . | . . . . . . Part Schematics Acquired . | . . . . . . Parts Built . | . . . . . . Authchips . | . . . . . . Time . | . . . . . . Total Part Build Rating . | . . . . . . Parts Repaired 1 | . . . . . 1 Time 26 | . . . . . 26 Parts Recycled . | . . . . . . Recycled Matter . | . . . . . . Retrieved Matter . | . . . . . . Retrieved Components . | . . . . . . Parts Scanalyzed . | . . . . . . Part Schematics Acquired . | . . . . . . Parts Damaged . | . . . . . . Bothacking | -11 -10 -10 -10 -9 -8 ------------ Run | Jun Mat Min Exi Min Mat Used RIF Installer . | . . . . . . Robots Hacked . | . . . . . . Non-combat . | . . . . . . Combat . | . . . . . . Robot Hacks Applied . | . . . . . . Relay Couplers Released . | . . . . . . Fabnet Peak Effective % . | . . . . . . Robots Rewired . | . . . . . . Allies Hacked . | . . . . . . Hacks Repelled . | . . . . . . Allies | -11 -10 -10 -10 -9 -8 -------- Run | Jun Mat Min Exi Min Mat Total Allies . | . . . . . . Largest Group . | . . . . . . Highest-Rated Group . | . . . . . . Highest-Rated Ally . | . . . . . . Total Orders 4 | . . . . 1 3 EXPLORE 4 | . . . . 1 3 Ally Attacks . | . . . . . . Total Damage . | . . . . . . Kills . | . . . . . . Allies Corrupted . | . . . . . . Allies Melted . | . . . . . . Intel | -11 -10 -10 -10 -9 -8 ------- Run | Jun Mat Min Exi Min Mat Robot Analysis Total . | . . . . . . Derelict Logs Recovered 2 | . . 1 . 1 . Drone Launches 5 | . . . . 1 4 Drone Recoveries 5 | . . . . 1 4 Exploration | -11 -10 -10 -10 -9 -8 ------------- Run | Jun Mat Min Exi Min Mat Turns Passed 1444 | 187 89 137 557 84 390 Spaces Moved 1446 | 163 82 168 694 62 277 Core 104 | 5 . . . . 99 Treads . | . . . . . . Legs . | . . . . . . Wheels 1342 | 158 82 168 694 62 178 Hover . | . . . . . . Flight . | . . . . . . Fastest Speed 50 | 50 80 80 80 80 50 Average Speed 80 | 80 80 80 80 80 81 Slowest Speed 200 | 100 80 80 80 80 200 Overloaded Moves . | . . . . . . Propulsion Burnouts . | . . . . . . Robots Hopped . | . . . . . . Cave-ins Triggered . | . . . . . . Exploration Rate (%) 48 | 5 25 34 93 84 51 Regions Visited 5 Branch Regions 3 Pre-discovered Areas 2 | . . . 1 1 . Known Exits Taken 2 | . 1 . 1 . . Unknown Exits Taken 3 | 1 . 1 . 1 . Scrap Searched 1 | . . 1 . . . Spaces Dug . | . . . . . . Terrain Destroyed 5 | 5 . . . . . Melee . | . . . . . . Projectile . | . . . . . . AOE 5 | 5 . . . . . Terrain Rammed . | . . . . . . Walls Destroyed . | . . . . . . Machines Disabled . | . . . . . . Actions | -11 -10 -10 -10 -9 -8 --------- Run | Jun Mat Min Exi Min Mat Total 1660 | 198 93 168 695 96 410 Wait 132 | . . . . 35 97 Move 1441 | 162 81 167 693 61 277 Hop . | . . . . . . Pick Up 20 | 10 3 . 1 . 6 Fast Attach 1 | . 1 . . . . Attach 12 | 5 1 . 1 . 5 Detach 1 | . 1 . . . . Swap 1 | . . . . . 1 Drop . | . . . . . . Fire 44 | 21 6 1 . . 16 Melee . | . . . . . . Ram 8 | . . . . . 8 Kick . | . . . . . . Crush . | . . . . . . Escape Stasis . | . . . . . . Rewire . | . . . . . . Trap . | . . . . . . Miscellaneous . | . . . . . . Route ------- -11/Junkyard -10/Materials -10/Mines (discovered 2 exits: [*Mat] / *Exi) -10/Exiles (discovered 2 exits: *Min x2) -9/Mines (discovered 2 exits: *Mat x2) -8/Materials (discovered 1 exit: [*Fac]) History --------- Turn | Location | Event 19 | -11/Junkyard | Discovered new exit (range 16) 188 | -11/Junkyard | Entered Materials 227 | -10/Materials | Identified exit to Mines 277 | -10/Materials | Entered Mines 308 | -10/Mines | Met a Derelict bent on vengeance 312 | -10/Mines | Build established: Mutant 397 | -10/Mines | Discovered new exit (range 9) 410 | -10/Mines | Deemed a non-threat by the Exiles lab entrance 410 | -10/Mines | Discovered new exit (range 5) 414 | -10/Mines | Entered Exiles 415 | -10/Exiles | Identified exit to Mines 435 | -10/Exiles | Met 8R-AWN 451 | -10/Exiles | Met EX-HEX 501 | -10/Exiles | Met EX-DEC 559 | -10/Exiles | Met EX-BIN 579 | -10/Exiles | Aligned with FarCom system 579 | -10/Exiles | Given EX-Vault access code 631 | -10/Exiles | Opened EX-Vault 637 | -10/Exiles | Found Supersonic Drone Bay 657 | -10/Exiles | Warned to stay clear of 0b10 Research branches 691 | -10/Exiles | Learned location of Zion (-6) 815 | -10/Exiles | Visited The Gauntlet 971 | -10/Exiles | Left Exiles lab with Supersonic Drone Bay 971 | -10/Exiles | Entered Mines 989 | -9/Mines | Discovered new exit (range 38) 992 | -9/Mines | Discovered new exit (range 75) 1048 | -9/Mines | Learned location of Storage (-9) 1055 | -9/Mines | Entered Materials 1055 | -8/Materials | Evolved 4 slots: Power x1, Propulsion x2, Utility x1 1198 | -8/Materials | Repaired EM Pulse Gun 1315 | -8/Materials | Discovered new exit (range 20) 1366 | -8/Materials | Core integrity fell below 50% 1403 | -8/Materials | Released all parts (1) 1417 | -8/Materials | Lost 10 parts (2p4n2u2w) 1418 | -8/Materials | Core integrity fell below 20% 1445 | -8/Materials | Destroyed by S-10 Pest with Light Assault Rifle Last Messages --------------- 01315_ Trailblazer released from Supersonic Drone Bay. 01315_ Wheel destroyed. 01316_ Trailblazer retrieved by Supersonic Drone Bay. 01323_ Wheel destroyed. 01323_ Ion Engine destroyed. 01324_ Critical hit (Burn: +37). 01326_ Material Compactor disabled. 01326_ EM Pulse Gun destroyed. 01338_ Ion Engine destroyed. 01340_ EM Pulse Gun destroyed. 01342_ Slammed into S-10 Pest. 01344_ Wheel destroyed. 01344_ Slammed into S-10 Pest. 01349_ Terrain Scanner destroyed. 01361_ Wheel destroyed. 01379_ Trailblazer released from Supersonic Drone Bay. 01383_ Trailblazer retrieved by Supersonic Drone Bay. 01386_ Supersonic Drone Bay destroyed. 01403_ Released Med. Storage Unit. 01410_ Slammed into R-06 Scavenger. Map ----- +----------------------------------------------------+ | # #?????????# ##/######????????????????????? | | + +?????????# ## =#????????????????????? | | # #?????????# ## """ #????????????????????? | | # #?????????# ## """ #????????????????????? | | # #?????????# ## """ #????????????????????? | | # #?????????# ## #????????????????????? | | # #?????????# ## = #????????????????????? | | # ########### #####+####### #????????????? | | # #????????????? | | # #????????????? | | # #????????????? | | # #################+######## ##????????????? | | # #????????????????????????????????????????? | | # #????????????????????????????????????????? | | # #????????????????????????????????????????? | | # ###########??????????????????????????????? | | # # #??????????????????????????????? | | # # #??????????????????????????????? | | # # #??????????????????????????????? | | # # #??????????????????????????????? | | # # #??????????????????????????????? | | # / #########??????????????????????? | | # s s s s s #??????????????????????? | | # # #######s#??????????????????????? | | ##+############?????# ##### ######???????????? | | #????????# s @ #???????? | | "" """ """ #????????#+######## #???????? | | "" """ """?????????? ??????????????????????? | | "" """ """?????????? !!??????????????????????? | | ?????????# !! ?????????????????????? | | ! ! ?????????# !! ?????????????????????? | | ##########?????????######????????????????????? | | ?????????????????????????????????????????????? | | ?????????????????????????????????????????????? | | ?????????????????????????????????????????????? | | ?????????????????????????????????????????????? | | ?????????????????????????????????????????????? | | ?????????????????????????????????????????????? | | ?????????????????????????????????????????????? | | ?????????????????????????????????????????????? | | ?????????????????????????????????????????????? | | ?????????????????????????????????????????????? | | ?????????????????????????????????????????????? | | ?????????????????????????????????????????????? | | ?????????????????????????????????????????????? | | ?????????????????????????????????????????????? | | ?????????????????????????????????????????????? | | ?????????????????????????????????????????????? | | ?????????????????????????????????????????????? | | ?????????????????????????????????????????????? | +----------------------------------------------------+ Best States ------------- Heat Dissipation 31 Energy Generation 15 Energy Capacity 400 Matter Stores 300 Matter Capacity 300 Sight Range 16 Terrain Scan Range 14 Terrain Scan Density 10 Evasion (%) 50 Item Schematics ----------------- None Robot Schematics ------------------ None Fabricated ------------ Nothing Alien Tech Used ----------------- None Achievements -------------- None Challenges ------------ None Game ------ Seed DeuteriumThunderNetwork Manual? 0 Play Time 00:36:32 Cumulative 36.9 hours Start 2023.07.02 @ 23:33:15 End 2023.07.03 @ 00:11:08 Sessions 1 Manual Loads 0 Difficulty Rogue Special Mode None Game No. 45 Rogue 45 Adventurer 0 Explorer 0 Win Type - Total 0 Types 0/0/0/0/0/0/0/0/0 Lore% 16 Gallery% 29 Achievement% 21 Wizard Run 0 Options --------- ASCII 0 Keyboard 0 Movement Mouse Keybinds 0 Fullscreen 1 Font 24/Smallcaps Map View 76x50 Tactical HUD 1 Map Filters NONE Filters NONE Steam 1 RUN: b917cabb-771f-4af2-828c-481ce89fd643